 Dungeon Crawl Stone Soup version 0.31-a0-175-g9f7f995f2b (webtiles) character file.

Game seed: 739117539098979422

324 qw the Shooter (level 6, -1/57 HPs)
             Began as a Naga Hunter on June 16, 2023.
             Slain by a phantom (4 damage)
             ... on level 4 of the Dungeon.
             The game lasted 00:01:00 (2658 turns).

qw the Shooter (Naga Hunter)                        Turns: 2658, Time: 00:01:01

Health: -1/57      AC:  4    Str: 14    XL:     6   Next: 48%
Magic:  6/6        EV:  9    Int:  9    God:
Gold:   100        SH:  0    Dex: 16    Spells: 5/5 levels left

rFire   . . .        Y - +0 orcbow
rCold   . . .        (shield currently unavailable)
rNeg    . . .        c - +0 leather armour
rPois   +            e - +0 helmet
rElec   .            (no cloak)
rCorr   +            (no gloves)
SInv    +            (no barding)
Will    .....        a - amulet of the acrobat
Stlth   ++           j - ring of resist corrosion
HPRegen 0.29/turn    (no ring)
MPRegen 0.10/turn

%: acrobat
@: very slow
A: AC +2, large, see invisible, deformed body, poison resistance, slowness 2,
spit poison 1, naga tail 1
a: Spit Poison


You were on level 4 of the Dungeon.
You visited 1 branch of the dungeon, and saw 4 of its levels.

You collected 100 gold pieces.


Innate Abilities, Weirdness & Mutations

Your serpentine skin is tough. (AC +2)
You have supernaturally acute eyesight. (SInv)
Armour fits poorly on your strangely shaped body.
Your system is resistant to poisons. (rPois)
You cover ground very slowly.
You can spit poison.
You have a snake-like lower body.


   Skills:
 + Level 3.6 Fighting
 - Level 6.2 Ranged Weapons
 - Level 1.5 Dodging
 - Level 1.5 Stealth


You had 5 spell levels left.
You didn't know any spells.
Your spell library was empty.

Inventory:

Hand Weapons
 Y - a +0 orcbow (weapon)
Armour
 c - a +0 leather armour (worn)
 e - a +0 helmet (worn)
Jewellery
 a - an amulet of the acrobat (around neck)
 j - a ring of resist corrosion (left hand)
 k - a ring of protection from cold
Scrolls
 b - a scroll of enchant weapon {unknown}
 h - 4 scrolls of identify
Potions
 d - a potion of haste
 f - 2 potions of curing
 g - a potion of lignification {unknown}
 i - a potion of attraction {unknown}

Dungeon Overview and Level Annotations

Branches:
Dungeon (4/15)
 Temple: D:4-7

Altars:
Trog
Vehumet
Xom


Message History

Enter note: You shoot an arrow.
The arrow barely misses the phantom.
The phantom hits you but does no damage.
You shoot an arrow. The arrow barely misses the phantom.
The phantom hits you!
The phantom blinks!
You blink.
The phantom closely misses you.
You shoot an arrow. The arrow barely misses the phantom.
The phantom barely misses you.
You shoot an arrow. The arrow barely misses the phantom.
The phantom hits you but does no damage.
You shoot an arrow. The arrow hits the phantom.
The phantom is severely damaged.
The phantom hits you.
The phantom blinks!
You blink.
The phantom hits you.
You shoot an arrow. The arrow closely misses the phantom.
The phantom hits you but does no damage.
You shoot an arrow. The arrow barely misses the phantom.
The phantom hits you.
The phantom blinks!
You blink.
You shoot an arrow. The arrow hits the phantom.
The phantom is severely damaged.
The phantom hits you.
The phantom blinks!
You blink.
Enter note:
Enter note:
Enter note:
Enter note:
Enter note:
Enter note: You shoot an arrow.
The arrow closely misses the phantom.
The phantom hits you but does no damage.
You shoot an arrow. The arrow barely misses the phantom.
The phantom barely misses you.
The phantom hits you but does no damage.
You shoot an arrow. The arrow closely misses the phantom.
The phantom hits you.
You shoot an arrow. The arrow barely misses the phantom.
The phantom barely misses you.
You shoot an arrow. The arrow barely misses the phantom.
The phantom completely misses you.
You shoot an arrow. The arrow misses the phantom.
The phantom hits you.
The phantom blinks!
You blink.
The phantom hits you.
You die...

#..##.... ########
#..## ###
##.....:#####..#
#.$.......###..##
#..........###.[###...
#...........##......#
#................####
#..............###
#...........@..#
#..........W...#
.........$....<.#
##..........¤¤.##
#............#
##..........##
###......>.# ###.....#
###....


You could see a phantom.

Vanquished Creatures
  An ogre (D:4)
  A hound (D:4)
  An orc priest (D:4)
  6 adders
  4 gnolls (D:4)
  2 worms
  2 dart slugs
  4 orcs
  6 bats
  9 endoplasms
  6 giant cockroaches
  5 goblins
  3 hobgoblins
  3 jackals (D:1)
  4 quokkas
  4 ball pythons
  A frilled lizard (D:1)
  10 kobolds
  4 rats
76 creatures vanquished.

Vanquished Creatures (others)
  A wizard (D:4)
1 creature vanquished.

Grand Total: 77 creatures vanquished

Notes
Turn   | Place    | Note
-------+----------+-------------------------------------------
     0 | D:1      | qw the Naga Hunter began the quest for the Orb.
     0 | D:1      | Reached XP level 1. HP: 19/19 MP: 1/1
     0 | D:1      | 0 ||| qw: Version: 0.2-a-29-g511e9b1
     0 | D:1      | 0 ||| qw: Game counter: 5702
     0 | D:1      | 0 ||| qw: Always use a shield: true
     0 | D:1      | 0 ||| qw: God list: Okawaru
     0 | D:1      | 0 ||| qw: Allow faded altars: false
     0 | D:1      | 0 ||| qw: Do Orc after D:15 true
     0 | D:1      | 0 ||| qw: Do second Lair branch before Depths: true
     0 | D:1      | 0 ||| qw: Lair rune preference: random
     0 | D:1      | 0 ||| qw: Plans: Normal
     0 | D:1      | 0 ||| PLANNING D:1-11
     7 | D:1      | 7 ||| INVOKING Spit Poison.
    13 | D:1      | 13 ||| INVOKING Spit Poison.
   212 | D:1      | 212 ||| INVOKING Spit Poison.
   249 | D:1      | Reached skill level 4 in Ranged Weapons
   249 | D:1      | Reached XP level 2. HP: 26/26 MP: 2/2
   284 | D:1      | 284 ||| INVOKING Spit Poison.
   289 | D:1      | 289 ||| INVOKING Spit Poison.
   395 | D:1      | 395 ||| INVOKING Spit Poison.
   410 | D:1      | 410 ||| INVOKING Spit Poison.
   451 | D:1      | 451 ||| INVOKING Spit Poison.
   457 | D:1      | 457 ||| INVOKING Spit Poison.
   462 | D:1      | 462 ||| INVOKING Spit Poison.
   466 | D:1      | Reached XP level 3. HP: 32/32 MP: 3/3
   475 | D:1      | 475 ||| INVOKING Spit Poison.
   643 | D:1      | 643 ||| DROPPING ring of flight.
   644 | D:1      | 644 ||| READING scroll labelled IMEESH CYMUTH.
   645 | D:1      | 645 ||| READING scroll labelled ANIMEYTOBU.
   649 | D:1      | 649 ||| READING scroll labelled ONUM PIUGHUO.
   650 | D:1      | 650 ||| DROPPING scroll of butterflies.
   674 | D:2      | 674 ||| INVOKING Spit Poison.
   694 | D:2      | 694 ||| INVOKING Spit Poison.
   708 | D:2      | 708 ||| INVOKING Spit Poison.
   721 | D:2      | 721 ||| INVOKING Spit Poison.
   730 | D:2      | 730 ||| INVOKING Spit Poison.
   762 | D:2      | 762 ||| INVOKING Spit Poison.
   820 | D:2      | 820 ||| INVOKING Spit Poison.
   890 | D:2      | 890 ||| INVOKING Spit Poison.
   895 | D:2      | 895 ||| INVOKING Spit Poison.
  1036 | D:2      | 1036 ||| INVOKING Spit Poison.
  1040 | D:2      | Reached skill level 5 in Ranged Weapons
  1040 | D:2      | Reached XP level 4. HP: 39/39 MP: 4/4
  1066 | D:2      | 1066 ||| INVOKING Spit Poison.
  1067 | D:2      | 1067 ||| UPGRADING to +0 orcbow.
  1068 | D:2      | 1068 ||| DROPPING +0 shortbow.
  1077 | D:2      | 1077 ||| INVOKING Spit Poison.
  1110 | D:2      | 1110 ||| INVOKING Spit Poison.
  1146 | D:2      | 1146 ||| INVOKING Spit Poison.
  1298 | D:2      | 1298 ||| UPGRADING to +0 helmet.
  1303 | D:2      | 1303 ||| READING 5 scrolls labelled QOMNEMMEITT.
  1304 | D:2      | 1304 ||| READING 4 scrolls of identify.
  1304 | D:2      | 1304 ||| IDENTIFYING grey potion
  1305 | D:2      | 1305 ||| READING 3 scrolls of identify.
  1305 | D:2      | 1305 ||| IDENTIFYING dark potion
  1306 | D:2      | 1306 ||| READING 2 scrolls of identify.
  1306 | D:2      | 1306 ||| IDENTIFYING fizzy grey potion
  1307 | D:2      | 1307 ||| DROPPING potion of magic.
  1363 | D:3      | 1363 ||| INVOKING Spit Poison.
  1367 | D:3      | 1367 ||| INVOKING Spit Poison.
  1424 | D:3      | 1424 ||| INVOKING Spit Poison.
  1429 | D:3      | 1429 ||| INVOKING Spit Poison.
  1622 | D:3      | 1622 ||| INVOKING Spit Poison.
  1643 | D:3      | 1643 ||| INVOKING Spit Poison.
  1649 | D:3      | 1649 ||| INVOKING Spit Poison.
  1661 | D:3      | Reached skill level 3 in Fighting
  1706 | D:3      | Found a faded altar of an unknown god.
  1735 | D:3      | 1735 ||| INVOKING Spit Poison.
  1738 | D:3      | 1738 ||| INVOKING Spit Poison.
  1764 | D:3      | Found a radiant altar of Vehumet.
  1942 | D:3      | 1942 ||| INVOKING Spit Poison.
  1983 | D:3      | 1983 ||| UPGRADING to amulet of the acrobat.
  1988 | D:3      | 1988 ||| UPGRADING to ring of resist corrosion.
  1989 | D:3      | 1989 ||| READING scroll labelled MALITR IFFA.
  1990 | D:3      | 1990 ||| READING scroll labelled KIAWETHR CYSUFIH.
  2014 | D:4      | 2014 ||| INVOKING Spit Poison.
  2018 | D:4      | 2018 ||| Stepping ~*~*~tactically~*~*~ (outnumbered).
  2020 | D:4      | Reached XP level 5. HP: 49/49 MP: 5/5
  2027 | D:4      | 2027 ||| INVOKING Spit Poison.
  2031 | D:4      | 2031 ||| INVOKING Spit Poison.
  2036 | D:4      | 2036 ||| INVOKING Spit Poison.
  2039 | D:4      | HP: 10/49 [gnoll/+0 flail (7)]
  2040 | D:4      | 2040 ||| READING scroll of teleportation.
  2180 | D:4      | Noticed an ogre
  2181 | D:4      | 2181 ||| INVOKING Spit Poison.
  2186 | D:4      | Killed an ogre
  2187 | D:4      | Reached skill level 6 in Ranged Weapons
  2187 | D:4      | Reached XP level 6. HP: 43/56 MP: 6/6
  2187 | D:4      | 2187 ||| INVOKING Spit Poison.
  2280 | D:4      | 2280 ||| INVOKING Spit Poison.
  2284 | D:4      | 2284 ||| INVOKING Spit Poison.
  2303 | D:4      | 2303 ||| INVOKING Spit Poison.
  2345 | D:4      | 2345 ||| INVOKING Spit Poison.
  2354 | D:4      | 2354 ||| INVOKING Spit Poison.
  2357 | D:4      | 2357 ||| INVOKING Spit Poison.
  2369 | D:4      | Found a bloodstained altar of Trog.
  2432 | D:4      | Noticed a wizard
  2433 | D:4      | Killed a wizard
  2460 | D:4      | 2460 ||| INVOKING Spit Poison.
  2494 | D:4      | 2494 ||| INVOKING Spit Poison.
  2529 | D:4      | Found a shimmering altar of Xom.
  2600 | D:4      | 2600 ||| INVOKING Spit Poison.
  2605 | D:4      | 2605 ||| INVOKING Spit Poison.
  2651 | D:4      | HP: 12/57 [phantom (4)]
  2655 | D:4      | HP: 4/57 [phantom (3)]
  2658 | D:4      | Slain by a phantom

Levels and vault maps discovered:
D:1:      psy_arrival_terrarium, layout_basic, grunt_decor_one_mirror
D:2:      layout_loops_ring, grunt_decor_mini_mirrors
D:3:      layout_loops_ring, nicolae_vehumet_altar_sigil,
          hellmonk_ecumenical_altar_pennies_from_heaven
D:4:      layout_cave_pods, tgw_xom, trog_wizard, kennysheep_vampire_church

Skill      XL: |  1  2  3  4  5 |
---------------+----------------+-----
Ranged Weapons | 4 5 6 |  6.2
Fighting       | 3 |  3.6
Dodging        | |  1.5
Stealth        | |  1.5

Action                     |  1- 3 |  4- 6 || total
---------------------------+-------+-------++-------
   Fire: Shortbow          |    60 |     1 ||    61
         Orcbow            |       |   100 ||   100
Ability: Spit Poison       |    21 |    30 ||    51
    Use: Scroll            |     3 |     7 ||    10
 Armour: Leather armour    |     1 |    23 ||    24
  Dodge: Dodged            |     9 |    24 ||    33

Table legend:
 A = Non-vault XP
 B = Vault XP
 C = Vault XP percentage of total XP
 D = Non-vault monster count
 E = Vault monster count
 F = Vault count percentage of total count
                 A         B        C        D         E       F
            +---------+---------+-------+---------+---------+-------
      Total |     457 |       7 |   1.5 |      72 |       4 |   5.3
            +---------+---------+-------+---------+---------+-------
        D:1 |      38 |       0 |   0.0 |      22 |       0 |   0.0
        D:2 |      76 |       0 |   0.0 |      21 |       0 |   0.0
        D:3 |      33 |       0 |   0.0 |      13 |       0 |   0.0
        D:4 |     310 |       7 |   2.2 |      16 |       4 |  20.0
            +---------+---------+-------+---------+---------+-------
